 Dungeon Crawl Stone Soup version 0.26-a0-1080-g4c0aae810e (webtiles) character file.

Game seed: 8743830018617293611

30 Dracia the Chiller (level 3, -3/24 HPs)
             Began as a Merfolk Ice Elementalist on Dec 14, 2020.
             Slain by an ogre
             ... wielding a +0 giant club
              (7 damage)
             ... on level 2 of the Dungeon.
             The game lasted 00:02:51 (1071 turns).

Dracia the Chiller (Merfolk Ice Elementalist)       Turns: 1071, Time: 00:02:51

Health: -3/24      AC: 13    Str:  9    XL:     3   Next: 18%
Magic:  3/6        EV: 13    Int: 14    God:
Gold:   58         SH:  0    Dex: 14    Spells: 2/6 levels left

rFire    . . .     SeeInvis .   d - +3 dagger (protect)
rCold    . . .     Faith    .   (no shield)
rNeg     . . .     Spirit   .   a - +0 robe
rPois    .         Reflect  .   (no helmet)
rElec    .         Harm     .   (no cloak)
rCorr    .         Rampage  .   (no gloves)
Will     .....                  (no boots)
Stlth    ++........             (no amulet)
HPRegen  0.08/turn              O - +4 ring of protection
MPRegen  0.10/turn              (no ring)

@: protection aura
A: change form in water, swift swim, stealthy swim
a: no special abilities


You were on level 2 of the Dungeon.
You visited 1 branch of the dungeon, and saw 2 of its levels.

You collected 58 gold pieces.


   Skills:
 - Level 2.6 Dodging
 - Level 2.1 Stealth
 - Level 2.0 Spellcasting
 + Level 5.5 Ice Magic


You had 2 spell levels left.
You knew the following spells:

 Your Spells              Type           Power        Failure   Level
r - Frozen Ramparts       Ice            ###...       8%          3
z - Freeze                Ice            ###.         2%          1

Your spell library contained the following spells:

 Spells                   Type           Power        Failure   Level
 Ozocubu's Armour         Ice            ###.....     8%          3
 Hailstorm                Conj/Ice       #.......     58%         4
 Summon Ice Beast         Ice/Summ       #.......     58%         4

Inventory:

Hand Weapons
 d - a +3 dagger of protection (weapon)
Armour
 a - a +0 robe (worn)
Jewellery
 O - a +4 ring of protection (left hand)
Scrolls
 c - 2 scrolls of fog {unknown}
 e - 3 scrolls of identify {unknown}
 h - a scroll of enchant weapon {unknown}
 i - a scroll of remove curse {unknown}
Potions
 b - a potion of curing {unknown}
 f - a potion of degeneration {unknown}
 g - a potion of resistance {unknown}

Dungeon Overview and Level Annotations

Branches:
Dungeon (2/15)

Altars:

..............####
##.###........#
#...######
#...##.#
+...##.#####
#...##P##..#
#...##P##..#
#...#####..#
#....O@....####
####'#........##
#.#.######..#
###.### ##.#
#P#.#.# #.#
###P#.#.## #.#
#P..#.#PPP# #.#
###P###.###.# #.#
#...#.....#P# #.#


You could see an ogre.


Message History

The ogre is moderately wounded.
You hit the ogre.
The ogre is heavily wounded.
The ogre hits you with a +0 giant club!
* * * LOW HITPOINT WARNING * * *
You hit the ogre.
The ogre is severely wounded.
The ogre barely misses you.
You barely miss the ogre.
The ogre is severely wounded.
The ogre closely misses you.
Your magical contamination has completely faded away.
You hit the ogre but do no damage.
The ogre is severely wounded.
You hit the ogre.
The ogre is severely wounded.
The ogre misses you.
You hit the ogre but do no damage.
The ogre is severely wounded.
The ogre hits you with a +0 giant club.
* * * LOW HITPOINT WARNING * * *
Casting: Frozen Ramparts (quite dangerous; 8% risk of failure)
Confirm with . or Enter, or press ? or * to list all spells.
Aiming: Freeze (safe; 2% risk of failure)
Press: ? - help, Shift-Dir - straight line, f - ogre
Aim: an ogre, wielding a +0 giant club (severely wounded)
You freeze the ogre.
The ogre is severely wounded.
The ogre hits you with a +0 giant club!
You die...

Skill      XL: |  1  2 |
---------------+-------+-----
Ice Magic      | 5 |  5.5
Dodging        | |  2.6
Stealth        | |  2.1
Spellcasting   | |  2.0

Action                   || total
-------------------------++-------
Melee: Dagger            ||    63
 Cast: Freeze            ||    11
 Stab: Sleeping          ||     1
Armor: Robe              ||    40
Dodge: Dodged            ||    78

Levels and vault maps discovered:
D:1:      tarquinn_simple_flora_water_e, layout_rooms, nrook_campfire,
          minmay_heptomino_h4
D:2:      layout_basic, serial_aquarium, aquarium_bridge_island_small
          [aquarium_subvault_small_open, aquarium_subvault_bridge,
          aquarium_subvault_wall, aquarium_subvault_wall,
          aquarium_subvault_bridge], aquarium_bridge_square
          [aquarium_subvault_wall, aquarium_subvault_bridge,
          aquarium_subvault_bridge, aquarium_subvault_wall],
          aquarium_window_fake, aquarium_window_fake, aquarium_window_corner,
          aquarium_window_corridor_2, aquarium_view_2c, aquarium_view_2d,
          minivault_25, uniq_natasha

Notes
Turn   | Place    | Note
-------+----------+-------------------------------------------
     0 | D:1      | Dracia the Merfolk Ice Elementalist began the quest for the
                  | Orb.
     0 | D:1      | Reached XP level 1. HP: 13/13 MP: 3/3
   162 | D:1      | Reached XP level 2. HP: 19/19 MP: 5/5
   225 | D:1      | Reached skill level 5 in Ice Magic
   693 | D:2      | Reached XP level 3. HP: 13/24 MP: 2/6
  1017 | D:2      | Noticed an ogre
  1031 | D:2      | Learned a level 3 spell: Frozen Ramparts
  1071 | D:2      | Slain by an ogre

Vanquished Creatures
  An adder (D:2)
  A dart slug (D:1)
  2 bats (D:1)
  A giant cockroach (D:1)
  3 goblins (D:1)
  2 hobgoblins
  A quokka (D:2)
  A frilled lizard (D:1)
  4 kobolds (D:1)
  2 rats (D:1)
18 creatures vanquished.

Table legend: (Time is in decaauts)
 A = Elapsed time spent in this place.
 B = Non-inter-level travel time spent in this place.
 C = Inter-level travel time spent in this place.
 D = Time resting spent in this place.
 E = Time spent auto-exploring this place.
 F = Levels seen in this place.
 G = Mean time per level.
                   A        B        C        D        E       F      G
               +--------+--------+--------+--------+--------+-----+--------+
         Total |   1069 |   1045 |     24 |    218 |    611 |   2 |  534.5 |
       Dungeon |   1069 |   1045 |     24 |    218 |    611 |   2 |  534.5 |
               +--------+--------+--------+--------+--------+-----+--------+

Top non-repeatable levels by time:
     D:1: 575 daAuts
     D:2: 494 daAuts

Table legend:
 A = Non-vault XP
 B = Vault XP
 C = Vault XP percentage of total XP
 D = Non-vault monster count
 E = Vault monster count
 F = Vault count percentage of total count
                 A         B        C        D         E       F
            +---------+---------+-------+---------+---------+-------
      Total |      38 |       5 |  11.6 |      15 |       3 |  16.7
            +---------+---------+-------+---------+---------+-------
        D:1 |      21 |       5 |  19.2 |      12 |       3 |  20.0
        D:2 |      17 |       0 |   0.0 |       3 |       0 |   0.0
            +---------+---------+-------+---------+---------+-------
